Map: Blackpink LE

Players

soO - Winner!

  • Race: Zerg Zerg
  • Spawn Location: 1:00

Spazymazy

  • Race: Zerg Zerg
  • Spawn Location: 7:00

Event: IEM Season 12 - Katowice

VOD

Have the link to the VOD?

Description

Time

  • Played on: Feb. 27, 2018, 8:53 a.m.
  • Length: 3:22

All games in this series

Show
View Real Time Build Order
Export as new Build Order

soO Zerg - Winner!

Build Orders: 1 Base Baneling Bust, Pool Only 

Get SALT Encoding   

  12  0:18  Spawning Pool  
  11  0:21  Drone  
  11  0:26  Drone  
  13  0:31  Drone  
  14  0:36  Extractor  
  14  0:42  Overlord  
  13  1:04  Zergling x4  
  13  1:05  Zergling x2  
  13  1:06  Queen  
  18  1:15  Zergling x2  
  19  1:26  Zergling x2  
  20  1:37  Metabolic Boost  
  20  1:38  Zergling x2  
  21  1:48  Zergling x2  
  22  2:00  Baneling Nest  
  21  2:01  Overlord  
  21  2:10  Zergling x2  
  22  2:21  Zergling x6  
  24  2:29  Zergling x2  
  23  2:38  Zergling x2  
  23  2:47  Zergling x6  
  26  2:54  Baneling, Zergling x2  
  26  2:55  Baneling  
  26  2:57  Baneling  
  26  2:58  Baneling  
Show
View Real Time Build Order
Export as new Build Order

Spazymazy Zerg 

Build Orders: Hatch First 

Get SALT Encoding   

  12  0:01  Drone  
  13  0:12  Overlord  
  13  0:17  Drone  
  14  0:30  Drone x2  
  14  0:35  Drone  
  17  0:52  Hatchery  
  17  0:56  Drone  
  17  0:58  Extractor  
  17  1:01  Drone  
  17  1:06  Drone  
  18  1:18  Spawning Pool  
  18  1:21  Drone  
  18  1:28  Drone  
  19  1:39  Overlord  
  19  2:06  Queen  
  19  2:07  Zergling x6  
  24  2:10  Queen  
  23  2:23  Zergling x2  
  16  2:48  Drone  
  14  2:51  Drone x3  
  14  2:54  Drone  
  16  3:00  Drone  

Tags
 
Add a new tag
Caveats
  • Supply blocks, unpowered buildings, or Contaminate may cause inaccurate times.
  • Supply counts are checked every 10 seconds.